 Dungeon Crawl Stone Soup version 0.22-a0-377-g846bec1 (webtiles) character file.

3268 galech the Grappler (level 9, -5/93 HPs)
             Began as a Troll Monk on Apr 27, 2018.
             Was an Elder of Okawaru.
             Slain by a hellwing (6 damage)
             ... on level 6 of the Dungeon.
             The game lasted 00:08:49 (4805 turns).

galech the Grappler (Troll Monk)                    Turns: 4805, Time: 00:08:50

Health: -5/93      AC:  5    Str: 24    XL:     9   Next: 68%
Magic:  7/8        EV: 13    Int:  6    God:    Okawaru [****..]
Gold:   312        SH:  0    Dex: 12    Spells: 8/8 levels left

rFire    . . .     SeeInvis .     - Unarmed
rCold    . . .     Gourm    +   (no shield)
rNeg     . . .     Faith    .   a - +0 robe
rPois    .         Spirit   .   (helmet restricted)
rElec    .         Reflect  .   (no cloak)
rCorr    .         Harm     .   (gloves unavailable)
MR       .....                  (boots unavailable)
Stlth    ++........             m - amulet of the acrobat
HPRegen  0.65/turn              (no ring)
MPRegen  0.11/turn              (no ring)

@: no status effects
A: large, unfitting armour, claws 3, fast metabolism 3, gourmand, regeneration
1, shaggy fur 1, tough skin 2
a: Heroism, Renounce Religion


You were on level 6 of the Dungeon.
You worshipped Okawaru.
Okawaru was greatly pleased with you.
You were very full.

You visited 2 branches of the dungeon, and saw 8 of its levels.

You collected 312 gold pieces.

Inventory:

Hand Weapons
 w - the +4 mace of Power {flame, rElec rPois rF- Stlth+}
   (You found it on level 7 of the Dungeon)

   It has been specially enchanted to burn those struck by it, causing extra
   injury to most foes and up to half again as much damage against particularly
   susceptible opponents.
   It makes you vulnerable to fire.
   It insulates you from electricity.
   It protects you from poison.
   It makes you more stealthy.
Armour
 a - a +0 robe (worn)
Jewellery
 m - an amulet of the acrobat (around neck)
Wands
 n - a wand of polymorph (33)
 p - a wand of flame (34)
 s - a wand of iceblast (8)
Scrolls
 c - 7 scrolls of remove curse
 d - 2 scrolls of blinking {unknown}
 e - 4 scrolls of identify {unknown}
 f - 4 scrolls of teleportation
 i - 4 scrolls of magic mapping {unknown}
 k - 3 scrolls of enchant armour {unknown}
 q - a scroll of enchant weapon {unknown}
 r - 3 scrolls of noise {unknown}
Potions
 g - a potion of agility {unknown}
 h - 2 potions of mutation {unknown}
 j - a potion of lignification {unknown}
 l - 6 potions of curing
 o - a potion of might {unknown}
 t - 2 potions of heal wounds {unknown}
 u - a potion of cancellation {unknown}
Comestibles
 b - 18 rations


   Skills:
 + Level 7.1 Fighting
 + Level 7.0 Dodging
 - Level 1.1 Stealth
 + Level 8.6 Unarmed Combat


You had 8 spell levels left.
You didn't know any spells.

Dungeon Overview and Level Annotations

Branches:
Dungeon (7/15)             Temple (1/1) D:5

Altars:
Ashenzari
Elyvilon
Fedhas
Hepliaklqana
Nemelex Xobeh
Okawaru
Ru
Sif Muna
Vehumet
The Shining One

Shops:
D:5 [


Innate Abilities, Weirdness & Mutations

You are too large for most types of armour.
You have claws for hands.
Your metabolism is lightning-fast.
You like to eat raw meat.
Your natural rate of healing is unusually fast.
You are covered in fur. (AC +1)
You have very tough skin. (AC +2)


Message History

You scratch the hellwing but do no damage.
The hellwing is lightly wounded.
You feel like a meek peon again. The shadow imp gestures at you.
Pain shoots through your body!
* * * LOW HITPOINT WARNING * * *
You scratch the hellwing but do no damage.
The hellwing is lightly wounded.
The hellwing closely misses you. The hellwing hits you!
* * * LOW HITPOINT WARNING * * *
The shadow imp closely misses you.
You scratch the hellwing but do no damage.
The hellwing is lightly wounded.
The hellwing barely misses you. The hellwing hits you.
* * * LOW HITPOINT WARNING * * *
The shadow imp hits you but does no damage.
You closely miss the hellwing.
You claw the hellwing, but do no damage.
The hellwing hits you.
You die...

...# #.# #.#
##.# #.######
#.# ##.#
#......# #.# #.#
######.# #.#
#.########.####
#.#
#.....#.......#
#.#
#####.#.#####<#
#.# #.#.#
#.###.# ##.#.#
#.4@5.# ##....#
#.#####
####.....#####.#
...............#
.###.....#######
.# ##....#
.#####.#<#
.......#.#
.........#


You could see a hellwing and a shadow imp.

Vanquished Creatures
  The ghost of Feta the Changer, a novice OpTm of Kikubaaqudgha (D:6)
  A centaur skeleton (D:7)
  The ghost of VDreamerV the Changer, a novice BaTm of the Shining One (D:5)
  A hellwing (D:7)
  A wyvern (D:5)
  Eustachio (D:4)
  Duvessa (D:4)
  An orc warrior (D:6)
  2 ice beasts
  A phantom (D:4)
  An ogre (D:4)
  2 centaurs (D:5)
  2 bullfrogs
  Dowan (D:4)
  A howler monkey (D:6)
  7 crimson imps
  A bullfrog zombie (D:4)
  A centaur zombie (D:6)
  A bullfrog skeleton (D:4)
  A hound (D:5)
  4 orc priests
  2 orc wizards (D:6)
  An iguana (D:6)
  6 worker ants
  Ijyb (D:3)
  5 adders
  6 gnolls
  A shadow imp (D:5)
  2 oozes
  A worm (D:2)
  A dart slug (D:2)
  2 leopard geckos
  13 orcs
  A ball python (D:1)
  9 giant cockroaches
  14 goblins
  7 hobgoblins
  4 jackals (D:4)
  2 quokkas (D:2)
  4 bats
  5 frilled lizards
  A jackal skeleton (D:5)
  7 kobolds
  A leopard gecko zombie (D:6)
  5 rats
134 creatures vanquished.

Notes
Turn   | Place    | Note
-------+----------+-------------------------------------------
     0 | D:1      | galech the Troll Monk began the quest for the Orb.
     0 | D:1      | Reached XP level 1. HP: 22/22 MP: 0/0
    77 | D:1      | Reached XP level 2. HP: 25/29 MP: 1/1
   696 | D:2      | Reached XP level 3. HP: 33/36 MP: 2/2
   787 | D:2      | Found a white marble altar of Elyvilon.
   947 | D:1      | Reached XP level 4. HP: 40/45 MP: 3/3
  1075 | D:2      | Reached skill level 4 in Unarmed Combat
  1457 | D:3      | Reached XP level 5. HP: 53/53 MP: 4/4
  2164 | D:3      | Noticed Ijyb
  2171 | D:3      | Killed Ijyb
  2351 | D:4      | Noticed Duvessa
  2352 | D:4      | Noticed Dowan
  2377 | D:4      | Killed Duvessa
  2377 | D:4      | Reached XP level 6. HP: 62/62 MP: 5/5
  2385 | D:4      | Killed Dowan
  2385 | D:4      | Reached skill level 5 in Unarmed Combat
  2540 | D:4      | Reached XP level 7. HP: 19/71 MP: 6/6
  2813 | D:4      | Found a sacrificial altar of Ru.
  2827 | D:4      | Found a sparkling altar of Nemelex Xobeh.
  2837 | D:4      | Found a blossoming altar of Fedhas.
  2854 | D:4      | Found a hazy altar of Hepliaklqana.
  2917 | D:4      | Noticed Eustachio
  2942 | D:4      | Killed Eustachio
  3108 | D:4      | Reached skill level 6 in Unarmed Combat
  3169 | D:4      | Reached skill level 5 in Fighting
  3196 | D:5      | Entered Level 5 of the Dungeon
  3239 | D:5      | Reached skill level 5 in Dodging
  3239 | D:5      | Reached XP level 8. HP: 80/80 MP: 7/7
  3258 | D:5      | Found Ene Taej's Armour Emporium.
  3360 | D:5      | Found a staircase to the Ecumenical Temple.
  3369 | Temple   | Entered the Ecumenical Temple
  3423 | Temple   | Became a worshipper of Warmaster Okawaru
  3423 | Temple   | Reached * piety under Okawaru
  3423 | Temple   | Reached ** piety under Okawaru
  3487 | D:5      | Noticed VDreamerV's ghost (novice BaTm)
  3504 | D:5      | Killed VDreamerV's ghost
  3504 | D:5      | Reached skill level 7 in Unarmed Combat
  3612 | D:5      | Found a radiant altar of Vehumet.
  3612 | D:5      | Found a shattered altar of Ashenzari.
  4129 | D:6      | Reached XP level 9. HP: 78/89 MP: 8/8
  4329 | D:6      | Reached *** piety under Okawaru
  4429 | D:6      | Noticed Feta's ghost (novice OpTm)
  4439 | D:6      | Killed Feta's ghost
  4439 | D:6      | Reached skill level 8 in Unarmed Combat
  4746 | D:7      | Got a scorched mace
  4747 | D:7      | Identified the +4 mace of Power {flame, rElec rPois rF- Stlth+} (You found it on level 7 of the Dungeon)
  4779 | D:7      | Noticed a hellwing
  4779 | D:7      | Noticed a hellwing
  4796 | D:7      | Killed a hellwing
  4796 | D:7      | Reached **** piety under Okawaru
  4803 | D:6      | HP: 2/93 [hellwing (7)]
  4805 | D:6      | Slain by a hellwing

Vault maps used:
D:1:      evilmike_arrival_home_sweet_home
D:2:      dk_noncrumbling_3, elyvilon_altar_1
D:3:      first_ration, uniq_ijyb
D:4:      grunt_temple_overflow_cloverleaf, uniq_eustachio, uniq_duvessa
D:5:      gammafunk_temple_overflow_pools, minmay_temple_entry_junction,
          serial_shops, shop
D:7:      cheibrodos_grave_circle, nicolae_overflow_crystal_walls,
          minmay_three_doors, uniq_menkaure
Temple:   regret_index_temple_generic_petals

Skill      XL: |  1  2  3  4  5  6  7  8  9 |
---------------+----------------------------+-----
Fighting       | 3 4 5 6 7 |  7.1
Dodging        | 3 4 5 6 7 |  7.0
Unarmed Combat | 4 5 6 7 8 |  8.6
Stealth        | |  1.1

Action                   |  1- 3 |  4- 6 |  7- 9 || total
-------------------------+-------+-------+-------++-------
Melee: Unarmed           |    93 |   171 |   201 ||   465
       Punch             |     2 |     1 |     3 ||     6
Invok: Heroism           |       |       |     1 ||     1
  Use: Scroll            |     1 |     1 |       ||     2
 Stab: Sleeping          |     3 |     5 |     1 ||     9
  Eat: Chunk             |    13 |    16 |    20 ||    49
Armor: Robe              |    43 |    31 |    27 ||   101
       Skin              |       |     5 |       ||     5
Dodge: Dodged            |    51 |    81 |   148 ||   280

Table legend:
 A = Spawn XP
 B = Non-spawn XP
 C = Spawn XP percentage of total XP
 D = Spawn monster count
 E = Non-spawn monster count
 F = Spawn count percentage of total count
 G = Total turns spent on level
                    A         B        C        D         E        F      G
               +---------+---------+-------+---------+---------+-------+---------
         Total |       0 |    4669 |   0.0 |       0 |     134 |   0.0 |  4805
               +---------+---------+-------+---------+---------+-------+---------
           D:1 |       0 |      59 |   0.0 |       0 |      23 |   0.0 |   648
           D:2 |       0 |     120 |   0.0 |       0 |      27 |   0.0 |   692
           D:3 |       0 |     127 |   0.0 |       0 |      22 |   0.0 |   997
           D:4 |       0 |    1059 |   0.0 |       0 |      19 |   0.0 |   859
           D:5 |       0 |    1184 |   0.0 |       0 |      13 |   0.0 |   812
           D:6 |       0 |    1341 |   0.0 |       0 |      26 |   0.0 |   602
           D:7 |       0 |     779 |   0.0 |       0 |       4 |   0.0 |   112
               +---------+---------+-------+---------+---------+-------+---------
